Unix NetHack Version 5.0.0-0 post-release - last build Jun 10 2026 00:39:30 (3ee93aec679c4c4259841fe613dc97188e26a321,branch:main).

Game began 2026-06-16 21:11:10, ended 2026-06-17 14:18:26.

Fletchius, lawful female dwarven Archeologist

 ---
--.-
|....
|.-..
 -...
 |...
 --...|
  |...--
  ---`..|
     -..--
     |*..--
     --...--.
      |-..@s.
      #...f|.
      --.---
       ---

Fletchius the Field Worker  St:13 Dx:9 Co:15 In:14 Wi:16 Ch:9  Lawful
Dlvl:8  $:1344 HP:0(54) Pw:18(18) AC:4  Xp:5 T:2965 

Latest messages:
 The rothe misses!
 You hit the rothe.
 The rothe hits!
 The rothe bites!
 The rothe misses!
 You kill the rothe!
 Welcome to experience level 5.
 You feel stealthy!
 Your kitten eats a rothe corpse.
 You see here a worthless piece of orange glass.
 You hit the rothe.
 You hit the rothe.
 The rothe hits!
 The rothe bites!
 The rothe misses!
 You hit the rothe.
 The rothe hits!
 The rothe bites!
 The rothe bites again!
 You miss the rothe.
 You hit the rothe.
 The rothe hits!
 The rothe bites!
 The rothe misses!
 You hit the rothe.
 You hit the rothe.
 You miss the rothe.
 You miss the rothe.
 You hit the rothe.
 You miss the rothe.
 The kitten bites the rothe.
 The rothe misses the kitten.
 The rothe bites the kitten.
 The rothe bites the kitten.
 You hit the rothe.
 You miss the rothe.
 The rothe hits!
 The rothe bites!
 The rothe bites again!
 You kill the rothe!
 Your kitten eats a rothe corpse.
 You swap places with your kitten.
 The giant spider bites!
 You hit the giant spider.
 The giant spider bites!
 The giant spider bites!
 You die...
 Do you want your possessions identified? [ynq] (y) y
 Do you want to see your attributes? [ynq] (y) y
 Do you want an account of creatures vanquished? [ynaq] (y) q

Inventory:
 Coins    ('$')
  $ - 1344 gold pieces
 Amulets  ('"')
  w - a cursed amulet of change
 Weapons  (')')
  a - a +2 bullwhip (alternate weapon; not wielded)
 Armor    ('[')
  c - a blessed fireproof +0 fedora (being worn)
  b - an uncursed +0 leather jacket (being worn)
 Comestibles  ('%')
  d - 5 uncursed food rations
  C - an uncursed food ration
  k - 2 uncursed sprigs of wolfsbane
  j - an uncursed tripe ration
  B - 2 uncursed tripe rations
 Scrolls  ('?')
  l - an uncursed scroll of light
  K - an uncursed scroll of remove curse
  r - an uncursed scroll of teleportation
 Potions  ('!')
  o - 2 uncursed potions of water
 Rings    ('=')
  z - a cursed ring of hunger
  J - a cursed ring of levitation
  N - a cursed ring of stealth
 Wands    ('/')
  A - a wand of digging (0:3)
  q - a wand of secret door detection (0:13)
  s - a wand of speed monster (0:4)
 Tools    ('(')
  h - an empty uncursed sack
  D - an uncursed lock pick
  I - an uncursed lock pick
  i - a magic marker (0:22)
  e - a +0 pick-axe (weapon in right hand)
 Gems/Stones  ('*')
  H - an uncursed garnet stone
  G - an uncursed sapphire
  g - an uncursed touchstone

Fletchius the Archeologist's attributes:

Background:
 You were a Field Worker, a level 5 female dwarven Archeologist.
 You were lawful, on a mission for Quetzalcoatl
 who was opposed by Camaxtli (neutral) and Huhetotl (chaotic).
 You were right-handed.
 You were in the Gnomish Mines, on level 8.
 You entered the dungeon 2965 turns ago.
 There was a new moon in effect when your adventure ended.
 You had 171 experience points, 149 more were needed to attain level 6.

Basics:
 You had 0 out of 54 hit points.
 You had all 18 energy points (spell power).
 Your armor class was 4.
 Your wallet contained 1344 zorkmids.
 Autopickup was off.

Final Characteristics:
 Your strength was 13 (limit:18/100).
 Your dexterity was 9 (limit:20).
 Your constitution was 15 (limit:20).
 Your intelligence was 14 (limit:16).
 Your wisdom was 16 (limit:16).
 Your charisma was 9 (limit:16).

Final Status:
 You weren't hungry.
 You were unencumbered.
 You were wielding a pick-axe.
 You had basic skill with pick-axe.

Final Attributes:
 You were piously aligned.
 You could recognize detrimental food.
 You had automatic searching.
 You had infravision.
 You were stealthy.
 You had a small defense bonus (+5).
 You were warded.
 You were fast.
 You were lucky.
 You are dead.

Miscellaneous:
 You didn't encounter any bones levels.
 Total elapsed playing time was 2 hours, 13 minutes and 33 seconds.

Major events:
 Turn
    1: Fletchius the lawful female dwarven Archeologist entered the dungeon
 1249: attained the rank of Field Worker (level 3)
 1530: entered the Gnomish Mines
 2026: reached Mine Town
 2965: killed by a giant spider

Spells:
 Name                 Level Category     Fail Retention
 remove curse           3   clerical     100%  76%-100%

Skills:
 Fighting Skills
   bare handed combat [Unskilled]
   two weapon combat  [Unskilled]
   riding             [Unskilled]
 Weapon Skills
   dagger             [Unskilled]
   knife              [Unskilled]
   pick-axe           [Basic]
   short sword        [Unskilled]
   saber              [Unskilled]
   club               [Unskilled]
   quarterstaff       [Unskilled]
   sling              [Unskilled]
   dart               [Unskilled]
   boomerang          [Unskilled]
   whip               [Basic]
   unicorn horn       [Unskilled]
 Spellcasting Skills
   attack spells      [Unskilled]
   healing spells     [Unskilled]
   divination spells  [Unskilled]
   matter spells      [Unskilled]

Voluntary challenges:
 Character rerolling was not enabled.
 You never genocided any monsters.
 You never polymorphed an object.
 You never changed form.
 You used no wishes.
Achievements:
 You entered a shop.
 You attained the rank of Field Worker.
 You entered the Gnomish Mines.
 You entered Minetown.
 You entered a temple.

 The Dungeons of Doom: levels 1 to 5
    Level 1:
       A fountain, a sink.
    Level 2:
       A vegetarian food shop.
       Stairs down to The Gnomish Mines.
    Level 3:
       A food shop, a fountain.
    Level 4:
    Level 5:
 The Gnomish Mines: levels 3 to 8
    Level 3:
    Level 4:
    Level 5:
       Many shops, a temple and an altar, some fountains, some trees.
    Level 6:
    Level 7:
    Level 8: <- You were here.
       Final resting place for
          you, killed by a giant spider.


Vanquished creatures:
  2 watchmen
  a giant spider
  a dog
  a pony
  a shrieker
  2 gnome leaders
  2 kobold mummies
  a little dog
  2 dwarves
  2 rothes
  a wererat
  2 iguanas
  3 coyotes
  3 hobbits
  2 large kobolds
  a giant rat
  a yellow mold
  2 red molds
 17 gnomes
  a gnome zombie
  2 geckos
  a jackal
  4 foxes
  a goblin
  a grid bug
  a lichen
  6 newts
64 creatures vanquished.

No species were genocided or became extinct.

Game over:
                       ----------
                      /          \
                     /    REST    \
                    /      IN      \
                   /     PEACE      \
                  /                  \
                  |    Fletchius     |
                  |     1344 Au      |
                  |   killed by a    |
                  |   giant spider   |
                  |                  |
                  |                  |
                  |       2026       |
                 *|     *  *  *      | *
        _________)/\\_//(\/(/\)/\//\/|_)_______

Goodbye Fletchius the Archeologist...

You died in The Gnomish Mines on dungeon level 8 with 2304 points,
and 1344 pieces of gold, after 2965 moves.
You were level 5 with a maximum of 54 hit points when you died.

